 Dungeon Crawl Stone Soup version 0.17-a0-1174-ge06b3cc (webtiles) character file.

171 vonhedlund the Skirmisher (level 5, -6/48 HPs)
             Began as a Hill Orc Hunter on May 29, 2015.
             Mangled by an ogre
             ... wielding a +0 giant club
              (24 damage)
             ... on level 4 of the Dungeon.
             The game lasted 00:22:53 (2446 turns).

vonhedlund the Skirmisher (Hill Orc Hunter)         Turns: 2446, Time: 00:22:53

Health: -6/48      AC:  3    Str: 15    XL:     5   Next: 51%
Magic:  5/5        EV: 11    Int: 11    God:
Gold:   156        SH:  0    Dex: 12    Spells: 0 memorised, 4 levels left

rFire  . . .     SeeInvis .     a - +2 falchion (elec)
rCold  . . .     Clarity  .     d - +0 leather armour
rNeg   . . .     SustAt   .     (no shield)
rPois  .         Gourm    .     (no helmet)
rElec  .         Spirit   .     (no cloak)
rCorr  .         Warding  .     (no gloves)
rMut   .         Stasis   .     (no boots)
MR     .....                    (no amulet)
Stlth  +.........               (no ring)
                                (no ring)

@: not resistant to hostile enchantments, very unstealthy
A: no striking features
a: no special abilities


You were on level 4 of the Dungeon.
You were hungry.

You visited 1 branch of the dungeon, and saw 4 of its levels.

You collected 156 gold pieces.

Inventory:

Hand weapons
 a - a +2 falchion of electrocution (weapon)
 b - a +1 hunting sling
 m - a +4 flail
Missiles
 c - 80 sling bullets
 j - 112 stones
 o - 5 javelins (quivered)
 q - 37 arrows
Armour
 d - a +0 leather armour (worn)
Jewellery
 g - a cursed ring of teleportation {unknown}
 t - an uncursed ring of positive energy {unknown}
 y - a cursed -3 ring of protection {unknown}
Scrolls
 f - 2 scrolls of enchant weapon {unknown}
 h - 2 scrolls of noise {unknown}
 i - 2 scrolls of amnesia {unknown}
 k - 3 scrolls of identify {unknown}
 l - 5 scrolls of teleportation {unknown}
 n - 5 scrolls of fear {unknown}
 s - a scroll of fog {unknown}
 u - 3 scrolls of enchant armour {unknown}
 w - a scroll of recharging {unknown}
 x - a scroll of blinking {unknown}
Potions
 p - a potion of invisibility {unknown}
 z - a potion of lignification {unknown}
Comestibles
 e - 3 bread rations
 r - a slice of pizza
 v - a beef jerky
 A - a meat ration


   Skills:
 - Level 5.0 Fighting
 - Level 3.6 Slings
 + Level 3.8 Armour
 - Level 1.5 Dodging
 - Level 0.7 Stealth


You had 4 spell levels left.
You didn't know any spells.

Dungeon Overview and Level Annotations

Branches:
Dungeon (4/15)             Temple (0/1) D:4

Altars:
Ashenzari
Dithmenos
Elyvilon
Nemelex Xobeh


Message History

The ball python constricts you.
You escape the ball python's grasp.
The jackal misses you.
There is a stone staircase leading up here.
You hit the jackal.
There is a sudden explosion of sparks!
You kill the jackal!
The ball python bites you but does no damage.
The ball python barely misses you.
The ball python bites you but does no damage.
The ball python grabs you.
You stop ascending the stairs.
The ball python constricts you.
You slash the ball python!
You kill the ball python!
You hit the ogre.
There is a sudden explosion of sparks!
The ogre is heavily wounded.
The ogre hits you with a giant club!
You hit the ogre.
The ogre is severely wounded.
The ogre hits you with a giant club!!
Ouch! That really hurt!
You die...

###...###.###.......####
###...### #.#
#.......####
#...#######.#
#..........# ##..#
...#.# #....##....# #..#
$.#.# #....##.#### ##.#
..#h# #...)......# #.#
#.#O# #........... #.#
#.#.# ####........ #.#
#@#.# #....###.
##'#####O#.# #....# ##
#......h##.# #....#
#..........# ######
#.......#### #.......#
#.......# #.......####
#..........#


You could see an ogre and a jackal.

Vanquished Creatures
  A hound (D:4)
  An iguana (D:4)
  A worker ant (D:4)
  A hound skeleton (D:4)
  An adder (D:3)
  A gnoll (D:1)
  6 orcs
  2 ball pythons
  8 bats
  2 bat zombies (D:1)
  3 giant cockroaches
  4 goblins
  6 hobgoblins
  4 jackals (D:4)
  4 kobolds
  2 quokkas (D:3)
  2 giant newts (D:4)
  12 rats
61 creatures vanquished.

Notes
Turn   | Place    | Note
--------------------------------------------------------------
     0 | D:1      | vonhedlund the Hill Orc Hunter began the quest for the Orb.
     0 | D:1      | Reached XP level 1. HP: 18/18 MP: 1/1
    85 | D:1      | Found a sparkling altar of Nemelex Xobeh.
   143 | D:1      | Reached XP level 2. HP: 13/26 MP: 2/2
   668 | D:1      | Reached skill level 4 in Fighting
   668 | D:1      | Reached XP level 3. HP: 23/33 MP: 3/3
  1320 | D:3      | Found a shadowy altar of Dithmenos.
  1460 | D:3      | Reached skill level 5 in Fighting
  1534 | D:3      | Found a white marble altar of Elyvilon.
  1615 | D:3      | Reached XP level 4. HP: 42/42 MP: 4/4
  1695 | D:3      | Reached skill level 1 in Armour
  1824 | D:4      | Found a staircase to the Ecumenical Temple.
  1870 | D:4      | Reached XP level 5. HP: 22/48 MP: 5/5
  2081 | D:4      | Found a shattered altar of Ashenzari.
  2388 | D:4      | Noticed an ogre
  2446 | D:4      | Mangled by an ogre

Vault maps used:
D:1:      saegor_arrival_fortress, kennysheep_doodads,
          nemelex_xobeh_ov_fountains_minmay
D:3:      lemuel_round_altar, overflow_temple_1_default, minivault_4
D:4:      yredelemnul_forgotten_temple_becter, ashenzari_altar_1,
          temple_statues, first_bread, serial_curves, eino_curves_01,
          eino_curves_02, eino_curves_03

Action                   |  1- 3 |  4- 6 || total
-------------------------+-------+-------++-------
Melee: Short sword       |    28 |       ||    28
       Flail             |    16 |       ||    16
       Falchion          |     2 |    51 ||    53
 Fire: Hunting sling     |    61 |    42 ||   103
Throw: Javelin           |     2 |     2 ||     4
  Use: Potion            |       |     2 ||     2
  Eat: Chunk             |     2 |     2 ||     4
